 Dungeon Crawl Stone Soup version 0.31.0-11-ge490571c62 (webtiles) character file.

Game seed: 1242097628691355875

66 Curundu the Chopper (level 3, -1/49 HPs)
             Began as a Minotaur Berserker on Feb 6, 2024.
             Was a Follower of Trog.
             Slain by an orc warrior
             ... wielding a +0 hand axe
              (6 damage)
             ... on level 4 of the Dungeon.
             The game lasted 00:06:14 (2135 turns).

Curundu the Chopper (Minotaur Berserker)            Turns: 2135, Time: 00:06:14

Health: -1/49      AC: 10    Str: 23    XL:     3   Next: 96%
Magic:  2/2        EV:  9    Int:  4    God:    Trog [*.....]
Gold:   114        SH:  0    Dex:  9    Spells: 2/2 levels left

rFire   . . .        a - +1 hand axe
rCold   . . .        (no shield)
rNeg    . . .        p - +0 chain mail
rPois   .            (helmet restricted)
rElec   .            (no cloak)
rCorr   .            d - +0 pair of gloves
SInv    .            (no boots)
Will    ++...        (no amulet) Stlth
                     (no ring)
HPRegen 1.28/turn    (no ring)
MPRegen 0.08/turn

%: no passive effects
@: berserking, strong-willed, regenerating, very quick
A: horns 2, retaliatory headbutt
a: Renounce Religion, Berserk


You were on level 4 of the Dungeon.
You worshipped Trog.
Trog was aware of your devotion.
You visited 1 branch of the dungeon, and saw 4 of its levels.

You collected 114 gold pieces.

Inventory:

Hand Weapons
 a - a +1 hand axe (weapon)
Armour
 d - a +0 pair of gloves (worn)
 p - a +0 chain mail (worn)
Wands
 k - a wand of flame (21)
Scrolls
 b - a scroll of fog {unknown}
 c - a scroll of immolation
Potions
 f - a potion of ambrosia {unknown}
 h - a potion of degeneration {unknown}
 i - a potion of lignification {unknown}
 j - a potion of brilliance {unknown}
 l - 2 potions of mutation
 n - a potion of enlightenment {unknown}


   Skills:
 + Level 4.1 Fighting
 + Level 4.2 Axes
 * Level 3.1 Armour
 * Level 2.6 Dodging
 * Level 1.6 Shields
 * Level 0.9 Evocations


You had 2 spell levels left.
You didn't know any spells.
Your spell library was empty.

Dungeon Overview and Level Annotations

Branches:
Dungeon (4/15)
 Temple: D:4-7

Altars:


Innate Abilities, Weirdness & Mutations

You have a pair of horns on your head.
You reflexively headbutt those who attack you in melee.


Message History

You hit the orc. You completely miss the orc warrior.
The orc wizard mumbles some strange words.
The orc wizard flickers and vanishes!
The orc closely misses you.
The orc warrior hits you with a +0 hand axe.
You barely miss something. You headbutt something. You hit the orc.
You kill the orc!
Trog accepts your kill.
You hit the orc warrior. The orc warrior barely misses you.
You hit the orc warrior but do no damage.
You headbutt the orc warrior.
The orc warrior is moderately wounded.
You miss something. x2; Something hits you.
The orc warrior hits you with a +0 hand axe!
Something completely misses you.
You hit something. Your headbutt misses something.
You barely miss the orc warrior. You closely miss something.
Something hits you but does no damage.
The orc warrior hits you but does no damage.
Something hits you but does no damage.
You hit something. Your headbutt misses something.
You barely miss the orc warrior. You hit something.
You hear some strange, mumbled words.
A puff of flame appears from out of thin air!
The puff of flame hits you.
The orc warrior hits you with a +0 hand axe!
* * * LOW HITPOINT WARNING * * *
Something hits you.
* * * LOW HITPOINT WARNING * * *
A red film seems to cover your vision as you go berserk!
You feel yourself moving faster!
You feel mighty!
You can no longer call upon Trog for regeneration and willpower.
Something hits you but does no damage.
The orc warrior hits you with a +0 hand axe!
* * * LOW HITPOINT WARNING * * *
Something hits you but does no damage.
You barely miss something. Your headbutt misses something.
You closely miss the orc warrior. You hit something. Something hits you.
* * * LOW HITPOINT WARNING * * *
The orc warrior hits you with a +0 hand axe.
You die...

##.....##.#
#.......#.#
#.........#
#.........#
#.........#
#.....<...##
#...)o{....#
#.[..@{....#
#..........#
#...$......#
♣........###
♣~♣##...##
~~♣ ###.#
~~♣~ ###.# ~
~ ♣...# ~
♣♣..##


You could see an orc warrior.

Vanquished Creatures
  An adder (D:2)
  A dart slug (D:2)
  An orc (D:4)
  6 ball pythons
  4 endoplasms
  4 giant cockroaches
  5 goblins
  3 hobgoblins
  6 jackals
  4 kobolds
  A quokka (D:1)
  8 bats
  2 frilled lizards
46 creatures vanquished.

Notes
Turn   | Place    | Note
-------+----------+-------------------------------------------
     0 | D:1      | Curundu the Minotaur Berserker began the quest for the Orb.
     0 | D:1      | Reached XP level 1. HP: 19/19 MP: 0/0
   231 | D:1      | Reached XP level 2. HP: 27/27 MP: 1/1
   551 | D:1      | Reached skill level 1 in Shields
   769 | D:1      | Found a faded altar of an unknown god.
  1032 | D:2      | Reached XP level 3. HP: 32/33 MP: 2/2
  1621 | D:2      | Reached ** piety under Trog
  2068 | D:3      | You fall into a shaft and drop 1 floor!
  2123 | D:4      | Noticed an orc warrior
  2135 | D:4      | Slain by an orc warrior

Illustrated notes

Levels and vault maps discovered:
D:1:      minmay_arrival_radiant_lines, layout_rooms, serial_co_window_serial,
          co_window_corner_a, co_window_paths_b, co_window_of_opportunity_a,
          co_window_corner_a, co_window_corner_a, co_window_2corner,
          co_window_corner_cb, co_window_unsneaky_path_d, co_window_2corner,
          co_window_paths_c, co_window_unsneaky_path_e, co_window_paths_e,
          glass_columns_a, glass_columns_b, glass_columns_b, glass_columns_c,
          glass_columns_b, chequers_ecumenical_altar_simple_redux
D:2:      layout_basic
D:3:      layout_loops_ring, mainiacjoe_overflow_boulevard,
          gammafunk_ghost_arena
D:4:      layout_cave_pods, serial_bayou_lake_a, uniq_pikel

Skill      XL: |  1  2  3 |
---------------+----------+-----
Shields        | 1 |  1.6
Axes           | 4 |  4.2
Fighting       | 4 |  4.1
Armour         | 3 |  3.1
Dodging        | |  2.6
Evocations     | |  0.9

Action                     || total
---------------------------++-------
  Melee: Hand axe          ||    94
         Headbutt          ||    15
         Punch             ||     2
 Invoke: Berserk           ||     1
         Trog's Hand       ||     1
    Use: Scroll            ||     7
 Armour: Animal skin       ||    26
         Ring mail         ||    23
         Chain mail        ||    38
  Dodge: Dodged            ||    74
